 Dungeon Crawl Stone Soup version 0.21.1-1-g345015f (webtiles) character file.

79 Lurcharcal the Firebug (level 4, -1/35 HPs)
             Began as a Draconian Fire Elementalist on May 24, 2018.
             Succumbed to a kobold's poison
             ... on level 2 of the Dungeon.
             The game lasted 00:22:43 (1542 turns).

Lurcharcal the Firebug (DrFE)                       Turns: 1542, Time: 00:22:43

Health: -1/35      AC:  5    Str: 11    XL:     4   Next: 17%
Magic:  0/7        EV: 12    Int: 16    God:
Gold:   34         SH:  0    Dex: 11    Spells: 4/7 levels left

rFire    x . .     SeeInvis .   h - +0 hand axe
rCold    + . .     Gourm    .   (no shield)
rNeg     . . .     Faith    .   (armour unavailable)
rPois    .         Spirit   .   (helmet restricted)
rElec    .         Reflect  .   (no cloak)
rCorr    .         Harm     .   (no gloves)
MR       .....                  (no boots)
Stlth    ++........             (no amulet)
HPRegen  0.11/turn              e - ring of ice
MPRegen  0.10/turn              (no ring)

@: lethally poisoned (-1 -> -31), very slightly contaminated
A: unfitting armour, cold-blooded, AC +5
a: no special abilities


You were on level 2 of the Dungeon.
You were hungry.

You visited 1 branch of the dungeon, and saw 2 of its levels.

You collected 34 gold pieces.

Inventory:

Hand Weapons
 c - a +0 whip
 h - a +0 hand axe (weapon)
Jewellery
 e - a ring of ice (left hand)
Scrolls
 g - 2 scrolls of identify
Potions
 f - 2 potions of heal wounds {unknown}
Books
 a - a book of Flames

   Spells                             Type                      Level
   a - Flame Tongue                   Conjuration/Fire             1
   b - Throw Flame                    Conjuration/Fire             2
   c - Conjure Flame                  Conjuration/Fire             3
   d - Inner Flame                    Hexes/Fire                   3
   e - Sticky Flame                   Conjuration/Fire             4
   f - Fireball                       Conjuration/Fire             5
Comestibles
 b - 4 rations
 d - 6 chunks of flesh


   Skills:
 + Level 1.3 Fighting
 + Level 0.2(0.6) Axes
 + Level 0.9(1.0) Maces & Flails
 + Level 2.0 Dodging
 - Level 1.7 Stealth
 + Level 2.3 Spellcasting
 + Level 1.5 Conjurations
 + Level 3.9 Fire Magic


You had 4 spell levels left.
You knew the following spells:

 Your Spells              Type           Power        Failure   Level  Hunger
a - Flame Tongue          Conj/Fire      ##...        6%          1    #......
b - Throw Flame           Conj/Fire      ##....       10%         2    ###....


Dungeon Overview and Level Annotations

Branches:
Dungeon (2/15)

Altars:
Okawaru


Innate Abilities, Weirdness & Mutations

Your plain brown scales are hard. (AC +5)
You cannot fit into any form of body armour.
You are cold-blooded and may be slowed by cold attacks.


Message History

You are more poisoned.
You hit the kobold but do no damage.
* * * LOW HITPOINT WARNING * * *
You feel sick. The kobold misses you.
The kobold hits you with a short sword of venom.
* * * LOW HITPOINT WARNING * * *
You are more poisoned.
You hit the kobold but do no damage.
* * * LOW HITPOINT WARNING * * *
You feel very sick. The kobold misses you.
Casting: Flame Tongue
Confirm with . or Enter, or press ? or * to list all spells.
Aiming: Flame Tongue
Press: ? - help, Shift-Dir - straight line, f - kobold
Aim: a kobold, wielding a short sword of venom You miscast Flame Tongue.
You are very lightly contaminated with residual magic.
Nothing appears to happen.
You die...

###?###### #.#
#.........(.# #.#
#.....##.##...# #(#
#.#..# ###.#..# #.#
#.#..## ?.##..# #.#
##.....#[#!#...###)##
#...#.##...##.......##
#....†#.###.#..>......
#.@K##)##÷..##...#.
#...........##....#
######.#######.#.##
..... #.#.# #.##.###
#.#.# # #.. #.#.# #.#
#.#.# .## #


You could see a kobold.

Vanquished Creatures
  A worker ant (D:2)
  An adder (D:2)
  An ooze (D:1)
  A worm (D:2)
  4 bats
  4 giant cockroaches
  3 hobgoblins
  4 jackals
  A quokka (D:2)
  A frilled lizard (D:1)
  5 goblins
  8 kobolds
  4 rats
38 creatures vanquished.

Notes
Turn   | Place    | Note
-------+----------+-------------------------------------------
     0 | D:1      | Lurcharcal the Draconian Fire Elementalist began the quest for the Orb.
     0 | D:1      | Reached XP level 1. HP: 14/14 MP: 3/3
   284 | D:1      | Reached XP level 2. HP: 6/22 MP: 0/5
   669 | D:1      | Learned a level 2 spell: Throw Flame
   990 | D:1      | Reached skill level 1 in Fighting
  1150 | D:2      | Reached XP level 3. HP: 12/28 MP: 1/6
  1175 | D:2      | Found an iron altar of Okawaru.
  1497 | D:2      | Reached XP level 4. HP: 10/35 MP: 2/7
  1541 | D:2      | HP: 1/35 [poisoned by a kobold]
  1542 | D:2      | Succumbed to a kobold's poison

Skill      XL: |  1  2  3 |
---------------+----------+-----
Fighting       | 1 |  1.3
Dodging        | 2 |  2.0
Axes           | |  0.2
Maces & Flails | |  0.9
Stealth        | |  1.7
Spellcasting   | |  2.3
Conjurations   | |  1.5
Fire Magic     | |  3.9

Action                   |  1- 3 |  4- 6 || total
-------------------------+-------+-------++-------
Melee: Whip              |    55 |       ||    55
       Tailslap          |    15 |       ||    15
       Hand axe          |    35 |     5 ||    40
 Cast: Flame Tongue      |    23 |     7 ||    30
       Throw Flame       |    15 |       ||    15
  Use: Scroll            |     1 |       ||     1
       Potion            |     1 |       ||     1
  Eat: Chunk             |     3 |       ||     3
Armor: Skin              |    34 |     1 ||    35
Dodge: Dodged            |    88 |     7 ||    95
